 Dungeon Crawl Stone Soup version 0.31-a0-263-ge8cad7f256 (webtiles) character file.

Game seed: 7744858674035891992

389 HallandMoats the Trooper (level 6, -8/49 HPs)
             Began as a Demonspawn Fighter on July 13, 2023.
             Mangled by a two-headed ogre
             ... wielding a +0 giant club
              (16 damage)
             ... on level 5 of the Dungeon.
             The game lasted 00:04:32 (2704 turns).

HallandMoats the Trooper (Demonspawn Fighter)       Turns: 2704, Time: 00:04:33

Health: -8/49      AC:  6    Str: 18    XL:     6   Next: 49%
Magic:  6/6        EV: 11    Int:  9    God:
Gold:   159        SH:  5    Dex: 13    Spells: 5/5 levels left

rFire   . .          .
                       - Unarmed
rCold   + . .        c - +0 buckler
rNeg    . . .        j - +0 ring mail {rC+}
rPois   .            (no helmet)
rElec   .            (no cloak)
rCorr   .            (no gloves)
SInv    .            h - +0 pair of boots
Will    .....        (no amulet)
Stlth   +            (no ring)
HPRegen 0.28/turn    (no ring)
MPRegen 0.10/turn

%: no passive effects
@: mighty
A: claws 1, powered by death 2
a: no special abilities


You were on level 5 of the Dungeon.
You visited 1 branch of the dungeon, and saw 4 of its levels.
You also visited: Sewer.

You collected 159 gold pieces.

Inventory:

Hand Weapons
 a - a +0 war axe
Missiles
 m - 2 throwing nets
Armour
 c - a +0 buckler (worn)
 h - a +0 pair of boots (worn)
 j - a +0 ring mail of cold resistance (worn)
Jewellery
 l - a +6 ring of intelligence
 p - a ring of willpower
Wands
 t - a wand of polymorph (3)
Scrolls
 b - a scroll of immolation {unknown}
 e - a scroll of brand weapon {unknown}
 f - 3 scrolls of identify {unknown}
 n - a scroll of fog {unknown}
 o - 2 scrolls of blinking {unknown}
 v - 2 scrolls of teleportation {unknown}
 y - a scroll of enchant weapon {unknown}
Potions
 d - 2 potions of might
 g - 2 potions of degeneration {unknown}
 i - a potion of cancellation {unknown}
 k - 2 potions of lignification {unknown}
 q - a potion of resistance {unknown}
 r - 2 potions of heal wounds {unknown}
 s - a potion of attraction {unknown}
 u - a potion of brilliance {unknown}
 w - a potion of enlightenment {unknown}
 x - a potion of magic {unknown}


   Skills:
 * Level 4.5 Fighting
 - Level 2.0 Axes
 + Level 3.6 Armour
 + Level 2.0 Dodging
 + Level 3.6 Shields
 * Level 2.7 Unarmed Combat


You had 5 spell levels left.
You didn't know any spells.
Your spell library contained the following spells:

 Spells                   Type           Power      Damage    Failure   Level
 Freeze                   Ice            0%         1d3       65%         1
 Necrotise                Necr           0%         1d4       65%         1
 Ensorcelled Hibernation  Hex/Ice        0%         N/A       80%         2
 Lesser Beckoning         Tloc           0%         N/A       80%         2
 Passwall                 Tmut/Erth      0%         N/A       80%         2
 Wereblood                Tmut           0%         N/A       80%         2
 Call Canine Familiar     Summ           0%         N/A       95%         3
 Frozen Ramparts          Ice            0%         1d1       95%         3
 Gell's Gravitas          Tloc           0%         N/A       95%         3
 Hailstorm                Conj/Ice       0%         3d3       95%         3
 Portal Projectile        Hex/Tloc       0%         N/A       95%         3
 Swiftness                Air            0%         N/A       95%         3
 Teleport Other           Tloc           0%         N/A       95%         3
 Vampiric Draining        Necr           0%         2d6       95%         3
 Leda's Liquefaction      Hex/Erth       0%         N/A       100%        4
 Petrify                  Tmut/Erth      0%         N/A       100%        4
 Agony                    Necr           0%         N/A       100%        5
 Irradiate                Conj/Tmut      0%         3d11      100%        5
 Metabolic Englaciation   Hex/Ice        0%         N/A       100%        5
 Haunt                    Necr/Summ      0%         N/A       100%        7
 Borgnjor's Revivificati  Necr           0%         N/A       100%        8
 Death's Door             Necr           0%         N/A       100%        9


Dungeon Overview and Level Annotations

Branches:
Dungeon (5/15)              Sewer (visited)
 Temple: D:4-7

Altars:


Innate Abilities, Weirdness & Mutations

You have sharp fingernails.
You regenerate health from kills.


Message History

You scratch the sleepcap.
The sleepcap is severely damaged.
The sleepcap closely misses you.
You scratch the sleepcap but do no damage.
The sleepcap is severely damaged.
You block the sleepcap's attack.
You scratch the sleepcap.
The sleepcap is almost destroyed.
The sleepcap closely misses you.
You scratch the sleepcap but do no damage.
The sleepcap is almost destroyed.
The sleepcap closely misses you.
You scratch the sleepcap but do no damage.
The sleepcap is almost destroyed.
The sleepcap splashes around in the water.
You scratch the sleepcap.
You destroy the sleepcap!
Your Dodging skill increases to level 2!
You enter the shallow water.
Moving in this stuff is going to be slow.
HP restored.
You pick up a book of the Hunter and begin reading...
You add the spells Call Canine Familiar, Portal Projectile and Leda's Liquefaction to your library.
A two-headed ogre comes into view. It is wielding two +0 giant clubs.
The two-headed ogre shouts in stereo!
You hear a bark!
A two-headed ogre is nearby!
You feel very mighty all of a sudden.
Found an encrusted glass wand.
You claw the two-headed ogre!
The two-headed ogre is moderately wounded.
The two-headed ogre hits you with a +0 giant club!!
Ouch! That really hurt!
The two-headed ogre hits you with a +0 giant club!
* * * LOW HITPOINT WARNING * * *
You claw the two-headed ogre!
The two-headed ogre is moderately wounded.
You claw the two-headed ogre!
The two-headed ogre is severely wounded.
The two-headed ogre hits you with a +0 giant club!
You die...

##.....####.......##
#...#####.........##
##...# ...#.#####..#
##...[###.###.###
##.### ######..##.##..
..... #...#
###......###.##.#
...... ###.# .....#####
#.##.# ..... ###.###
.....### #....##.$....
##...... .......##
#.[..@O.............##
#..###..#
##...###...............
#....##.# #....###
.8....####.>##
#.##....###......# ....
#.....
#.#####.......##.# ../
#..... #.#
#<....#.##.##.. ##
##..... #.#
###......##..#.#
##...... #.#
#.(<...#.......#
##....... ..#
#.........#.....
#>.######


You could see a two-headed ogre.

Vanquished Creatures
  A bullfrog (D:5)
  A scorpion (D:5)
  A hound (D:5)
  Terence (D:2)
  A sleepcap (D:5)
  4 gnolls (D:2)
  5 adders
  3 river rats (Sewer)
  A dart slug (D:1)
  6 ball pythons
  4 bats
  7 endoplasms
  3 giant cockroaches (D:1)
  3 goblins
  3 hobgoblins
  4 jackals (D:2)
  5 kobolds
  4 quokkas
  9 frilled lizards
  11 rats
77 creatures vanquished.

Notes
Turn   | Place    | Note
-------+----------+-------------------------------------------
     0 | D:1      | HallandMoats the Demonspawn Fighter began the quest for the
                  | Orb.
     0 | D:1      | Reached XP level 1. HP: 18/18 MP: 1/1
   154 | D:1      | Gained mutation: You have sharp fingernails. [demonic
                  | ancestry]
   154 | D:1      | Reached XP level 2. HP: 17/24 MP: 2/2
   675 | D:2      | Gained mutation: You regenerate a little health from kills.
                  | [demonic ancestry]
   675 | D:2      | Reached XP level 3. HP: 27/29 MP: 3/3
   689 | D:2      | Reached skill level 1 in Unarmed Combat
   717 | D:2      | Reached skill level 1 in Dodging
   717 | D:2      | Reached XP level 4. HP: 6/36 MP: 4/4
  1092 | D:2      | Noticed Terence
  1121 | D:2      | Killed Terence
  1122 | D:2      | Reached XP level 5. HP: 21/42 MP: 5/5
  1952 | D:3      | You fall into a shaft and drop 2 floors!
  1952 | D:5      | Entered Level 5 of the Dungeon
  1981 | D:5      | Reached skill level 4 in Fighting
  2063 | D:5      | Gained mutation: You regenerate health from kills. [demonic
                  | ancestry]
  2063 | D:5      | Reached XP level 6. HP: 27/48 MP: 6/6
  2251 | D:5      | Found a glowing drain.
  2272 | Sewer    | Entered a sewer
  2697 | D:5      | Noticed a two-headed ogre
  2704 | D:5      | Mangled by a two-headed ogre

Illustrated notes

Levels and vault maps discovered:
D:1:      mainiacjoe_arrival_reflecting_pool, layout_basic, kennysheep_boxes
D:2:      layout_loops_cross, basic_altar, serial_forest,
          infiniplex_forest_end_3, infiniplex_forest_clump_small,
          infiniplex_forest_straight_5, infiniplex_forest_end_1,
          infiniplex_forest_straight_2, infiniplex_forest_clump_long,
          uniq_terence
D:3:      layout_basic
D:5:      layout_rooms, portal_sewer_entry_a, st_stairs_14,
          hangedman_feature_mirror

Skill      XL: |  1  2  3  4  5  6 |
---------------+-------------------+-----
Axes           | 2 |  2.0
Armour         | 3 |  3.6
Unarmed Combat | 1 2 |  2.7
Shields        | 3 |  3.6
Dodging        | 1 2 |  2.0
Fighting       | 4 |  4.5

Action                     |  1- 3 |  4- 6 || total
---------------------------+-------+-------++-------
  Melee: War axe           |    26 |       ||    26
         Unarmed           |   117 |   253 ||   370
    Use: Potion            |       |     1 ||     1
 Armour: Scale mail        |    36 |       ||    36
         Ring mail         |    16 |    90 ||   106
  Dodge: Dodged            |    58 |   115 ||   173
  Block: Buckler           |    36 |    58 ||    94

Table legend: (Time is in decaauts)
 A = Elapsed time spent in this place.
 B = Non-inter-level travel time spent in this place.
 C = Inter-level travel time spent in this place.
 D = Time resting spent in this place.
 E = Time spent auto-exploring this place.
 F = Levels seen in this place.
 G = Mean time per level.
                   A        B        C        D        E       F      G
               +--------+--------+--------+--------+--------+-----+--------+
         Total |   2762 |   2690 |     72 |    364 |   1483 |   5 |  552.4 |
       Dungeon |   2337 |   2265 |     72 |    364 |   1246 |   4 |  584.2 |
         Sewer |    425 |    425 |      0 |      0 |    236 |   1 |  425.0 |
               +--------+--------+--------+--------+--------+-----+--------+

Top non-repeatable levels by time:
     D:2: 1204 daAuts
     D:1: 678 daAuts
   Sewer: 425 daAuts
     D:5: 371 daAuts
     D:3: 83 daAuts
